[Event "Hungarian Championship Men 2022"]
[Site "Budapest"]
[Date "2022.12.10"]
[Round "6.5"]
[White "Papp, Gabor"]
[Black "Korpa, Bence"]
[Result "1-0"]
[ECO "B12"]
[WhiteElo "2564"]
[BlackElo "2500"]
[Annotator "TA"]
[PlyCount "125"]
[EventDate "2022.12.03"]
[EventType "tourn"]
[EventCountry "HUN"]
[SourceTitle "playchess.com"]
[Source "ChessBase"]
[SourceQuality "1"]
[TimeControl "40/5400+30:1800+30"]

1. e4 c6 2. d4 d5 3. e5 Bf5 4. g4 Be4 5. f3 Bg6 6. e6 {[%emt 0:00:20] B12: Caro-Kann: Advance Variation.} Qd6 7. exf7+ Bxf7 8. Nc3 $1 {[%emt 0:00:36][%mdl 4] The position is equal. is currently scoring better than 8.f4.} Nd7 9. f4 {[%emt 0:00:19] Prevents e5.} h5 10. g5 e6 11. Nf3 {[%emt 0:12:12] [#]} h4 $146 ({Predecessor:} 11... Ne7 12. Ne5 Nxe5 13. fxe5 Qd7 14. Ne2 Bg6 15. Nf4 Be4 16. Rg1 O-O-O 17. Be3 g6 {½-½ (37) Charochkina,D (2335)-Nechaeva,M (2377) Obninsk 2022}) 12. Bh3 Ne7 13. Qe2 O-O-O 14. O-O Nf5 15. Qf2 Bh5 16. Ne5 (16. Nxh4 {simplifies} g6 17. Nxf5 exf5 18. b3) 16... Qb4 17. Bxf5 exf5 18. a3 (18. Qxh4 $2 Qxd4+ 19. Qf2 Qxf2+ 20. Kxf2 Bc5+ 21. Kg3 d4 $19) (18. Nd3 $5 Qb6 19. h3 $11) 18... Qb6 19. b4 (19. Qxh4 $2 Qxd4+ 20. Qf2 Qxf2+ 21. Kxf2 d4 $19) 19... Qa6 20. Nd3 {[%emt 0:12:06] Pair of Knights!} (20. Qxh4 Nxe5 21. fxe5 Qxf1+ $3 22. Kxf1 Be2+ $1 23. Nxe2 Rxh4 $17) ({Better is} 20. Rb1 $14) 20... g6 (20... Qc4 $5 21. Bd2 Kb8 $11) 21. Be3 Re8 22. b5 cxb5 23. Rab1 b4 (23... Nb6 $142) 24. Nxd5 $2 {[%emt 0:05:36] [#]} (24. axb4 $16 Bg7 25. Ne5 (25. Nxd5 Qc4 $14)) 24... Qe6 $1 $17 (24... Qxa3 $2 25. Ra1 $18 (25. N3xb4 Bxb4 26. Ra1 Be1 $16) (25. Qxh4 $2 Qa5 $19)) (24... bxa3 $6 25. c4 $11) 25. Qg2 h3 $1 (25... bxa3 $6 26. c4 $11) 26. Qh1 Qe4 $2 (26... bxa3 $17 {and life is bright. Hoping for ...a2.} 27. Rfe1 Qa6) 27. axb4 ({Weaker is} 27. N3xb4 Qxh1+ 28. Kxh1 Be2 $17) (27. Qxe4 $16 Rxe4 28. axb4 (28. N3xb4 Bg7 $11)) 27... Qxh1+ $1 $11 28. Kxh1 Be2 29. Rf2 Bxd3 30. cxd3 Bd6 31. b5 Nb6 32. Rc1+ Kb8 33. Nxb6 axb6 34. Rf3 {[%emt 0:00:08] [#]} Rxe3 $1 {[%emt 0:01:08][%mdl 64] Remove Defender} 35. Rxe3 Bxf4 36. Rce1 Bxe3 37. Rxe3 {[%emt 0:00:03][%mdl 4096] Endgame KR-KR} Rh5 38. d5 Kc7 39. Re7+ Kd6 40. Re6+ Kxd5 41. Rxg6 Kc5 42. Kg1 Kxb5 43. Kf2 {[%emt 0:00:04] aiming for Kg3.} Kc5 44. Kg3 b5 {[%emt 0:01:25][%cal Bb6b5,Bb5b4,Bb4b3,Bb3b2][%mdl 32] ...b4 is the strong threat.} 45. d4+ Kxd4 {[%emt 0:03:51] Strongly threatening ...b4.} 46. Kf4 Rh7 {[%emt 0:01:17] Prevents Rh6.} 47. Rh6 Rg7 48. Rxh3 b4 49. Rg3 Kc4 50. g6 (50. Rg2 $5 b3 $8 51. Kxf5 $18) 50... b3 {[%emt 0:00:16] And now ...b2 would win.} 51. Kxf5 b2 52. Rg1 {[%emt 0:00:01] Prevents b1Q+.} Rc7 $1 53. h4 Kb3 $1 54. Rb1 Rc5+ 55. Kf6 Rc6+ 56. Kg5 Rc5+ 57. Kh6 Kc2 {[%emt 0:00:51][%mdl 8192] [#]} (57... Rc1 $11 58. g7 (58. Rxb2+ Kxb2 59. h5 b5 $11) 58... Rxb1 59. g8=Q+ (59. g8=B+ Kc3 60. Bf7 Rg1 61. Bg6 b1=Q 62. Bxb1 Rxb1 63. Kg7 b5 64. h5 b4 65. h6 Rg1+ 66. Kh8 b3 67. h7 Rh1 68. Kg8 b2 69. h8=Q+ Rxh8+ 70. Kxh8 b1=Q 71. Kg7 Qf5 72. Kh6 Qg4 73. Kh7 Kd4 74. Kh6 Ke5 75. Kh7 Kf6 76. Kh8 Qg7#) 59... Ka3 60. Qf8+ Ka2 61. Qf7+ Ka1 62. Qxb7 Ka2) 58. Rxb2+ $3 $18 Kxb2 (58... Kc1 59. Rxb7) 59. h5 {[%emt 0:00:37][%cal Bh4h5,Bh5h6][%mdl 32] White mates.} b5 60. g7 Rc8 61. Kg6 b4 62. h6 Rc6+ 63. Kh7 {[%emt 0:01:46] Weighted Error Value: White=0.13 (very precise) /Black=0.17 (very precise)} 1-0

[Event "Hungarian Championship Men 2022"]
[Site "Budapest"]
[Date "2022.12.11"]
[Round "7.1"]
[White "Korpa, Bence"]
[Black "Kozak, Adam"]
[Result "1/2-1/2"]
[ECO "A46"]
[WhiteElo "2500"]
[BlackElo "2538"]
[Annotator "TA"]
[PlyCount "78"]
[EventDate "2022.12.03"]
[EventType "tourn"]
[EventCountry "HUN"]
[SourceTitle "playchess.com"]
[Source "ChessBase"]
[SourceQuality "1"]
[TimeControl "40/5400+30:1800+30"]

1. d4 Nf6 2. Nf3 e6 3. Bf4 b6 4. e3 Bb7 5. h3 Be7 6. Bd3 O-O 7. O-O {[%emt 0:01:37] A47: 1 d4 Nf6 2 Nf3 b6: Torre, London and Colle Systems.} Ne4 8. Nbd2 f5 9. c3 {[%emt 0:01:47] [#]} Bd6 $146 ({Predecessor:} 9... d6 10. Bc4 d5 11. Bd3 Nd7 12. Ne5 Nxd2 13. Qxd2 Nxe5 14. Bxe5 Bd6 15. f4 c5 16. Rf3 Bxe5 17. fxe5 {1-0 (43) Ushenina,A (2416)-Doluhanova,E (2352) Riadh 2017}) 10. Ne5 Nxd2 11. Qxd2 Nc6 12. Nxc6 Bxc6 13. Bxd6 cxd6 14. f3 d5 15. g4 a6 16. Qh2 Bb5 17. Bxb5 axb5 18. a3 Qh4 19. Kg2 h5 20. Qg3 Qg5 (20... Qxg3+ {simplifies} 21. Kxg3 hxg4 22. hxg4 fxg4 23. fxg4 Rxf1 24. Rxf1 Rf8) 21. Rae1 (21. gxf5 {is interesting.} Qxe3 22. fxe6 dxe6 23. f4) 21... Rf6 (21... fxg4 {simplifies} 22. hxg4 hxg4 23. Qxg4 Qxg4+ 24. fxg4 Rxf1 25. Rxf1 Rf8) 22. f4 Qg6 23. g5 Rff8 24. Qf3 Qe8 25. Kf2 g6 26. Rd1 Qc8 27. Rd2 Qc4 28. Qe2 Ra5 29. Rfd1 Kf7 30. Qf3 Ke7 31. Rd3 d6 32. h4 Kd7 {[%emt 0:01:12] The position is equal.} 33. Kg3 Re8 34. R1d2 Kc7 35. Kh2 Raa8 36. Qh1 Rad8 37. Qd1 Ra8 38. Qh1 Qc6 39. Qf3 Qc4 {[%emt 0:00:30] Weighted Error Value: White=0.06 (flawless) /Black=0.06 (flawless)} 1/2-1/2

[Event "Hungarian Championship Men 2022"]
[Site "Budapest"]
[Date "2022.12.11"]
[Round "7.2"]
[White "Grigoriants, Sergey"]
[Black "Papp, Gabor"]
[Result "1-0"]
[ECO "C41"]
[WhiteElo "2550"]
[BlackElo "2564"]
[Annotator "TA"]
[PlyCount "49"]
[EventDate "2022.12.03"]
[EventType "tourn"]
[EventCountry "HUN"]
[SourceTitle "playchess.com"]
[Source "ChessBase"]
[SourceQuality "1"]
[TimeControl "40/5400+30:1800+30"]

1. e4 e5 2. Nf3 d6 3. Bc4 Nf6 4. d3 Be7 5. a4 O-O 6. O-O {[%emt 0:00:27] C24: Bishop's Opening: 2...Nf6.} c6 7. Ba2 Nbd7 8. Nc3 {[%emt 0:09:56] White has an edge.} a5 9. h3 {[%emt 0:02:33] [#]} h6 $146 ({Predecessor:} 9... Re8 10. Ne2 Nf8 11. Ng3 Ng6 12. c3 h6 13. d4 exd4 14. cxd4 Bf8 15. Re1 Be6 {1-0 (47) Daulyte Cornette,D (2400)-Georgescu,L (2276) Europe Echecs INT 2020}) 10. Kh1 Re8 (10... Nc5 {simplifies} 11. Re1 Be6 12. Be3 Bxa2 13. Rxa2 Ne6) 11. Nh4 (11. Be3 {simplifies} Nf8 12. d4 exd4 13. Nxd4 Ne6 14. Nxe6 Bxe6 15. Bxe6 fxe6 16. f4) 11... d5 12. Nf5 Bb4 13. f4 (13. exd5 Nb6 14. Qf3 Bxf5 15. Qxf5 cxd5 $11) 13... Bxc3 14. bxc3 exf4 15. Bxf4 Ne5 {[%emt 0:00:04] [#]} 16. Bg3 $1 Ng6 17. Qf3 {[%emt 0:10:09][%cal Of5h6] Black must now prevent Nxh6+!} Bxf5 18. Qxf5 Qc8 {[%emt 0:00:24] [#]} (18... Ne7 $142 19. Qf3 dxe4 20. dxe4 Ng6) 19. Rab1 $1 $16 (19. exd5 $6 Qxf5 20. Rxf5 Ne7 $11) 19... Re7 20. exd5 {[%emt 0:04:17] White has more active pieces.} cxd5 21. Bxd5 Qxc3 22. Bc4 {[%emt 0:01:57] This pair of bishops is nice.} ({Don't play} 22. Rxb7 Rd8 23. Rb3 (23. Qxg6 $2 Rxb7 24. Bc4 Qxc4 $19) (23. Rxe7 $2 Nxe7 24. Bxf7+ Kxf7 $19) 23... Qxc2 $16) (22. Bxb7 Rae8 $16) 22... Kh7 (22... Kh8 $16 {is a better defense.}) 23. Bh4 $18 ({Resist} 23. Bd6 Rd7) 23... Re5 $2 (23... Rb8 24. Bb3 (24. Bxf6 Qxf6 25. Qxf6 gxf6 $18) 24... Rc8 25. Bxf6 gxf6 26. Qxf6 Qxf6 27. Rxf6 Ne5) 24. Bxf6 {[%emt 0:00:16] Qd7 is the strong threat.} gxf6 25. Qxf6 {[%emt 0:00:08] Weighted Error Value: White=0.06 (flawless) /Black=0.25 (precise)} 1-0

[Event "Hungarian Championship Men 2022"]
[Site "Budapest"]
[Date "2022.12.11"]
[Round "7.3"]
[White "Prohaszka, Peter"]
[Black "Fodor, Tamas Jr."]
[Result "1-0"]
[ECO "D11"]
[WhiteElo "2562"]
[BlackElo "2517"]
[Annotator "TA"]
[PlyCount "73"]
[EventDate "2022.12.03"]
[EventType "tourn"]
[EventCountry "HUN"]
[SourceTitle "playchess.com"]
[Source "ChessBase"]
[SourceQuality "1"]
[TimeControl "40/5400+30:1800+30"]

1. d4 d5 2. c4 c6 3. Nf3 Nf6 4. e3 e6 5. Bd3 Nbd7 6. O-O dxc4 7. Bxc4 Bd6 8. Nc3 b5 {[%emt 0:00:25] Against e4. D46: Semi-Slav: 5 e3 Nbd7 6 Bd3, Black avoids the Meran.} 9. Bb3 $1 {[%emt 0:00:36][%mdl 4] is currently scoring better than 9.Bd3.} O-O 10. e4 b4 {[%emt 0:06:14] Prevents e5. White is slightly better.} 11. e5 $1 {[%emt 0:00:20] [#] Black must now prevent Na4.} bxc3 12. exd6 cxb2 ({Better is} 12... Bb7 $14) 13. Bxb2 $16 {[%emt 0:00:05][%cal Bc1b2,Bb2a3,Ba3c5][%mdl 32] [#]} Nb6 $146 ({Predecessor:} 13... Ba6 14. Re1 Qa5 15. Ne5 Rfc8 16. Nxf7 Kxf7 17. Rxe6 Kf8 18. Re7 Nb6 19. Rf7+ Ke8 {1-0 (26) Sobenin,E (1898)-Keso,E (1978) Finland 2018}) 14. Ba3 Bd7 15. Ne5 Nfd5 16. Rc1 Rc8 17. Bc5 f6 18. Nd3 Rb8 19. Re1 Nc8 20. Qd2 Qe8 21. Re2 Qf7 22. Rce1 {[%emt 0:01:41] White is much more active. The black rooks are badly placed.} Re8 23. h3 Ncb6 24. a4 Rbd8 (24... Nc8 $142) 25. a5 $18 Nc8 26. Nb4 g5 (26... Qf8 $142 27. Nxc6 Bxc6) 27. Na6 Nf4 28. Re3 Kh8 29. Nc7 {[%emt 0:00:37] Prevents Nd5. White is clearly winning.} Rg8 (29... Nd5 $142 30. Bxd5 cxd5 31. Nxe8 Rxe8) 30. Nxe6 Bxe6 31. Bxe6 Nxe6 32. Rxe6 g4 33. h4 g3 34. d5 cxd5 {[%emt 0:00:54] [#]} 35. Rxf6 $3 Qxf6 36. Bd4 Rxd6 37. fxg3 {[%emt 0:01:05] Black got outplayed after the opening.   Weighted Error Value: White=0.04 (flawless) /Black=0.30} 1-0

[Event "Hungarian Championship Men 2022"]
[Site "Budapest"]
[Date "2022.12.11"]
[Round "7.4"]
[White "Horvath, Csaba"]
[Black "Berkes, Ferenc"]
[Result "1/2-1/2"]
[ECO "D37"]
[WhiteElo "2502"]
[BlackElo "2643"]
[Annotator "TA"]
[PlyCount "80"]
[EventDate "2022.12.03"]
[EventType "tourn"]
[EventCountry "HUN"]
[SourceTitle "playchess.com"]
[Source "ChessBase"]
[SourceQuality "1"]
[TimeControl "40/5400+30:1800+30"]

1. d4 Nf6 2. c4 e6 3. Nf3 d5 4. Nc3 a6 5. c5 Nc6 6. Bf4 {[%emt 0:07:36] D37: Queen's Gambit Declined: 5 Bf4.} Nh5 7. Bg5 Be7 8. Bxe7 Qxe7 9. e3 Nf6 10. Be2 O-O 11. O-O {[%emt 0:00:18] The position is equal.} Rd8 12. Rc1 h6 {[%emt 0:07:14] [#]} 13. a3 $146 ({Predecessor:} 13. h3 e5 14. dxe5 Nxe5 15. Nxe5 Qxe5 16. Qd4 Re8 17. Rfd1 c6 18. Qxe5 Rxe5 19. Rd4 Bf5 20. Rb4 {½-½ (81) Tassone,R (1985)-Wittenberg,G (1968) GER email 2014}) 13... e5 14. dxe5 Nxe5 15. Nxe5 Qxe5 16. Qd4 Qxd4 17. exd4 Bf5 18. f3 g5 19. Kf2 (19. g4 $5 Bg6 20. f4 gxf4 21. Rxf4 $11) 19... Kg7 20. Rfe1 c6 21. Bf1 Re8 22. Ne2 h5 23. Rc3 h4 24. Nc1 Rxe1 25. Kxe1 Nh5 26. Kf2 Re8 27. Nb3 Bc8 28. Re3 Rxe3 29. Kxe3 $11 {[%emt 0:00:02][%mdl 4096] Endgame KBN-KBN} f5 30. Na5 Kf6 31. b4 f4+ 32. Kd2 Ng7 33. Bd3 Ke7 34. h3 Kd8 35. Nb3 Bf5 36. Na1 Bxd3 37. Kxd3 Nf5 38. Nc2 Kc7 39. a4 b6 40. a5 b5 {[%emt 0:00:00] An even fight not without its subleties.   Weighted Error Value: White=0.03 (flawless) /Black=0.01 (flawless)} 1/2-1/2

[Event "Hungarian Championship Men 2022"]
[Site "Budapest"]
[Date "2022.12.11"]
[Round "7.5"]
[White "Horvath, Adam"]
[Black "Nagy, Gabor"]
[Result "0-1"]
[ECO "C50"]
[WhiteElo "2501"]
[BlackElo "2482"]
[Annotator "TA"]
[PlyCount "78"]
[EventDate "2022.12.03"]
[EventType "tourn"]
[EventCountry "HUN"]
[SourceTitle "playchess.com"]
[Source "ChessBase"]
[SourceQuality "1"]
[TimeControl "40/5400+30:1800+30"]

1. e4 e5 2. Nf3 Nc6 3. Bc4 Nf6 4. d3 Bc5 5. c3 O-O 6. O-O d5 7. exd5 Nxd5 8. Re1 Bg4 9. h3 {[%emt 0:00:10] 9.Nbd2 might become the main line. C54: Giuoco Piano: 4 c3 Nf6, main lines with 5 d4 and 5 d3.} Bh5 10. Nbd2 Nb6 11. Bb3 (11. b4 $11 Be7 12. g4) 11... Kh8 (11... Qxd3 $15 12. Bc2 Bxf3 13. Nxf3 Qxd1 14. Bxd1 Rae8) 12. Ne4 $14 Bd6 13. a4 (13. g4 {simplifies} Bg6 14. d4 exd4 15. Nxd4 Re8 16. Nxc6 bxc6 17. Nxd6 cxd6 18. Bf4) 13... a5 14. Ng3 Bxf3 15. Qxf3 (15. gxf3 Qh4 16. Re4 Qxh3 $17) 15... f5 {[%emt 0:00:12] [#] Prevents Ne4.} 16. d4 $146 ({Weaker is} 16. Nxf5 g6 17. Nh6 Rxf3 $17) ({White should play} 16. Qh5 $14) ({Predecessor:} 16. Nf1 Qd7 17. Be3 Rae8 18. Qh5 Ne7 19. Nd2 Nbd5 20. Bg5 Nf6 21. Bxf6 gxf6 22. Bf7 {½-½ (40) Nigmatov,O (2445)-Neelotpal,D (2409) Ahmedabad 2022}) 16... e4 (16... exd4 $15 17. Bf4 (17. Nxf5 dxc3 18. Rd1 Ne7 $17) 17... Nd7) 17. Qh5 $11 Qe8 18. Qxe8 Raxe8 19. Nh5 f4 $1 {[%emt 0:08:29] ...g6 is the strong threat.} 20. g3 $1 e3 $1 {[%emt 0:00:34] ( -> ...exf2+)} 21. gxf4 exf2+ 22. Kxf2 Rxe1 23. Kxe1 g6 24. Ng3 Bxf4 25. Bxf4 Rxf4 26. Ke2 Kg7 27. Ke3 Rh4 28. Rf1 {[%emt 0:00:04] Hoping for Rf7+.} Nd8 {[%emt 0:02:15] Against Rf7+} (28... Rxh3 $2 29. Rf7+ Kh6 30. Kf3 $18) 29. Rf3 c5 30. Ne2 (30. dxc5 $5 Nd7 31. Ne4 $11) 30... c4 31. Bc2 Ne6 32. Kf2 Ng5 33. Re3 {[%emt 0:00:10] aiming for Re7+.} Rxh3 34. Re7+ (34. Re5 $1 $15 Kh6 35. Rxa5) 34... Kf6 (34... Kh6 $1 $17 {Strongly threatening ...Nd5.} 35. Re3 Rh2+ 36. Kf1 Nd5) 35. Rxb7 $2 {[%emt 0:00:09][%mdl 8192] Loses the game.} ({Only move:} 35. Re5 $1 $15) 35... Nd5 $19 36. Kg1 {[%emt 0:00:53] Prevents Rh2.} Ne3 {[%emt 0:03:55] White must now prevent ...Rf3.} 37. Rb6+ {[%emt 0:00:07] [#]} Kg7 $1 38. Rb5 {[%emt 0:00:20] [#]} (38. Bxg6 $142 hxg6 39. Nf4 Rg3+ 40. Kf2 Ne4+ 41. Ke2) 38... Kh6 $1 {[%emt 0:01:20] Threatens to win with ...Rf3.} ({Inferior is} 38... Nf3+ 39. Kf2 Nh2 40. Be4 $11) 39. Rxa5 Rf3 {[%emt 0:00:48] Weighted Error Value: White=0.38/Black=0.08 (flawless)} 0-1

[Event "Hungarian Championship Men 2022"]
[Site "Budapest"]
[Date "2022.12.12"]
[Round "8.1"]
[White "Kozak, Adam"]
[Black "Nagy, Gabor"]
[Result "1/2-1/2"]
[ECO "A16"]
[WhiteElo "2538"]
[BlackElo "2482"]
[Annotator "TA"]
[PlyCount "60"]
[EventDate "2022.12.03"]
[EventType "tourn"]
[EventCountry "HUN"]
[SourceTitle "playchess.com"]
[Source "ChessBase"]
[SourceQuality "1"]
[TimeControl "40/5400+30:1800+30"]

1. c4 Nf6 2. Nc3 c5 3. Nf3 e6 4. d4 cxd4 5. Nxd4 Bb4 6. g3 O-O 7. Bg2 d5 8. cxd5 Nxd5 9. Bd2 Nxc3 10. bxc3 Be7 11. Rb1 a6 {[%emt 0:09:08] E20: Nimzo-Indian: 4 g3 and 4 f3.} 12. O-O (12. Bxb7 $2 Bxb7 13. f3 (13. Rxb7 $2 Qd5 $19) 13... Bd5 $19) 12... Qc7 13. Qb3 Nd7 {[%emt 0:03:33] White has an edge.} 14. Nxe6 fxe6 {[%emt 0:01:27] The position is equal.} 15. Qxe6+ Rf7 {[%emt 0:00:15] aiming for ...Nc5.} 16. Bf4 (16. Bd5 Ne5 17. Qb6 Qxb6 18. Rxb6 Kf8 $1 $15) 16... Qd8 17. Rfd1 (17. Bxb7 $2 {is the wrong capture.} Bxb7 18. Rfd1 {[#]} (18. Rxb7 $2 {perishes.} Nc5 $19) 18... Qf8 $1 19. Rxd7 Bc8 $19) 17... Qe8 18. Bd5 $1 (18. Bxb7 $2 {loses.} Bxb7 19. Qxd7 Bf6 20. Qxe8+ Rxe8 $19) 18... Nf6 19. Qxf7+ Qxf7 20. Bxf7+ Kxf7 21. c4 {[%emt 0:06:57] [#] Against b5} b5 $146 ({Predecessor:} 21... Ne4 22. Be5 a5 23. Rb5 Ra6 24. f3 Nc5 25. Rd5 Nd7 26. Rxa5 Rc6 27. Rd3 Nxe5 28. Rxe5 Rxc4 {0-1 (40) Curic,D (2218)-Henrichs,T (2459) Essen 2002}) 22. cxb5 axb5 23. Rxb5 Rxa2 24. Rd2 Rxd2 25. Bxd2 Ba6 $1 26. Rb2 Bxe2 27. Bb4 Bf3 28. Bxe7 Kxe7 29. Rb3 Bd5 30. Re3+ Kf7 {[%emt 0:00:11] An even fight not without its subleties.   Weighted Error Value: White=0.02 (flawless) /Black=0.01 (flawless)} 1/2-1/2

[Event "Hungarian Championship Men 2022"]
[Site "Budapest"]
[Date "2022.12.12"]
[Round "8.2"]
[White "Berkes, Ferenc"]
[Black "Horvath, Adam"]
[Result "1/2-1/2"]
[ECO "E11"]
[WhiteElo "2643"]
[BlackElo "2501"]
[Annotator "TA"]
[PlyCount "108"]
[EventDate "2022.12.03"]
[EventType "tourn"]
[EventCountry "HUN"]
[SourceTitle "playchess.com"]
[Source "ChessBase"]
[SourceQuality "1"]
[TimeControl "40/5400+30:1800+30"]

1. d4 Nf6 2. c4 e6 3. Nf3 Bb4+ 4. Bd2 Bxd2+ 5. Qxd2 d5 6. Nc3 O-O 7. e3 Qe7 8. Qc2 dxc4 9. Bxc4 c5 10. O-O {[%emt 0:05:24] E11: Bogo-Indian.} cxd4 11. exd4 Qc7 12. Qe2 Nc6 {[%emt 0:00:57] [#]} 13. Rad1 $146 ({Predecessor:} 13. Rac1 Qf4 14. Qe3 Qxe3 15. fxe3 Rd8 16. Rcd1 Ng4 17. Rfe1 b6 18. e4 Bb7 19. d5 {½-½ (68) Grachev,B (2652)-Pavasovic,D (2607) Sibenik 2009}) 13... Bd7 14. Ne4 Nd5 15. Rfe1 Rad8 16. h3 h6 17. Bxd5 exd5 18. Nc3 Rfe8 19. Qd2 Rxe1+ 20. Rxe1 Be6 21. Ne5 a6 22. Na4 Nxe5 23. Rxe5 b6 24. Nc3 Rd6 25. a3 f6 26. Re3 Bf7 27. Qe2 Qc8 28. Qf3 b5 29. Qf4 Rd7 (29... Re6 {simplifies} 30. Rxe6 Qxe6 31. Qd2 Qf5) 30. Rg3 Qc7 31. Qg4 {[%emt 0:01:44][%csl Gg3][%cal Rg4g7] [#]} g6 32. Re3 Kg7 33. Ne2 Re7 34. Qf4 Qd8 35. Nc1 g5 36. Qf3 a5 37. Nd3 Qe8 38. Nc5 b4 39. axb4 axb4 40. Qe2 Rxe3 {[%emt 0:00:00] The position is equal.} 41. Qxe3 Qxe3 42. fxe3 $11 {[%emt 0:00:07][%mdl 4096] Endgame KB-KN} Bg6 {[%emt 0:00:03] Prevents Nd3.} 43. Kf2 h5 44. g3 Bf5 45. h4 Kg6 46. Na6 b3 47. Nc7 Be4 48. Nb5 Bd3 $1 49. Nd6 {[%emt 0:00:04] Black must now prevent Ke1.} Bc2 50. Ke2 {[%emt 0:01:08] Hoping for Kd2.} Kg7 $1 51. Kf3 Bd1+ 52. Kf2 {[%emt 0:00:04] [#] Strongly threatening Nb5.} Bc2 $1 53. Kf3 Bd1+ 54. Kf2 {[%emt 0:00:31] Threatens to win with Nb5.} Bc2 $1 {[%emt 0:00:23] Weighted Error Value: White=0.04 (flawless) /Black=0.03 (flawless)} 1/2-1/2

[Event "Hungarian Championship Men 2022"]
[Site "Budapest"]
[Date "2022.12.12"]
[Round "8.3"]
[White "Fodor, Tamas Jr."]
[Black "Horvath, Csaba"]
[Result "0-1"]
[ECO "E15"]
[WhiteElo "2517"]
[BlackElo "2502"]
[Annotator "TA"]
[PlyCount "104"]
[EventDate "2022.12.03"]
[EventType "tourn"]
[EventCountry "HUN"]
[SourceTitle "playchess.com"]
[Source "ChessBase"]
[SourceQuality "1"]
[TimeControl "40/5400+30:1800+30"]

1. d4 Nf6 2. c4 e6 3. Nf3 b6 4. g3 Bb4+ 5. Bd2 Be7 6. Bg2 c6 7. O-O d5 {[%emt 0:04:09] E15: Queen's Indian: 4 g3 sidelines, 4 g3 Ba6 and 4 g3 Bb7 early deviations.} 8. Nc3 O-O 9. Qc2 Nbd7 {[%emt 0:21:25] The position is equal.} 10. e4 dxc4 11. e5 Nd5 12. Ne4 Ba6 13. Neg5 g6 14. h4 c5 {[%emt 0:06:07] [#]} 15. Rfe1 $146 ({Predecessor:} 15. Rad1 Qe8 16. h5 Rd8 17. Qa4 Nb8 18. Qc2 Nd7 19. Qa4 Nb8 20. Qc2 Nd7 {½-½ (20) Beecham,C (2478)-James,A (2400) ICCF email 2020}) 15... Rc8 (15... cxd4 $142 16. Nxd4 Nc5) 16. Bh3 $2 (16. h5 $1 $11 Qe8 17. Qa4) 16... cxd4 $19 17. Nxd4 Nc5 18. Rad1 Bb7 ({Black should try} 18... Nd3 $19 {Hoping for ...Bc5.} 19. Re4 b5) 19. Bf1 Nd3 20. Bxd3 cxd3 21. Qxd3 Nb4 22. Bxb4 Bxb4 23. Ne4 Bxe1 {[%emt 0:06:59] A strong pair of Bishops.} 24. Nf6+ Kg7 $1 25. Rxe1 Qc7 ({Better is} 25... Rc5 $17 {[%cal Oc5e5] White must now prevent ...Rxe5!} 26. Qe3 Rxe5 $3 27. Qxe5 Qxf6) 26. Qe3 $11 Rfd8 (26... Qc4 {with more complications.} 27. Nh5+ Kh8 28. Nf6 Rg8) 27. Ng4 $1 {[%emt 0:05:04] Threatening mate with Qh6+.} Kf8 (27... Kh8 $5 28. Nf6 Kg7 $15) 28. Qh6+ $1 Ke7 $1 (28... Ke8 $2 29. Nxe6 $1 Kd7 30. Nxc7 $18) 29. Qg5+ $1 (29. Qf4 Qc4 30. Nh6 Rxd4 $17) 29... Kf8 (29... Ke8 $5 30. Nf6+ $8 Kf8 31. Qh6+ Ke7 $11) 30. Qh6+ Ke7 $1 (30... Ke8 $2 31. Nxe6 $1 Kd7 32. Nxc7 $18) 31. Qf4 (31. Qg5+ $1 $11 {was the only way to keep the balance.} Ke8 32. Nf6+ Kf8 33. Qh6+ Ke7 34. Qg5) 31... Qc4 $1 $17 (31... Ke8 32. Nf6+ Kf8 33. h5 $14 (33. Nxh7+ Kg7 $15)) 32. Nh6 Rf8 (32... Qxd4 $2 33. Qxf7#) (32... Rxd4 $17 33. Qxf7+ Kd8 34. Qxb7 Rd7) 33. Rd1 $11 f6 {[%emt 0:06:35][%mdl 8192] Prevents Qg5.} (33... Qxa2 34. Qf6+ (34. Nb5 Bd5 $16) 34... Ke8 35. Ng8 $1 Rxg8 36. Nb5 $18) (33... Qd5 $1 $11 34. Ndf5+ (34. f3 f6 $11) 34... exf5 35. Rxd5 Bxd5) 34. Ng4 $2 {[%emt 0:02:49] [#]} ({Only move:} 34. exf6+ $18 Rxf6 35. Ng8+ $1 Rxg8 36. Nf5+ $1 Rxf5 37. Qxc4) 34... fxe5 $1 $17 (34... Qxa2 $2 35. exf6+ Ke8 36. Qd6 $18) ({But not} 34... f5 35. Nf6 (35. Qg5+ Kf7 $18) 35... Rxf6 36. Qg5 $18 (36. exf6+ Kxf6 37. Qg5+ Kf7 $11)) 35. Qg5+ Ke8 36. Nf6+ $2 {[%emt 0:00:26][%mdl 8192] [#]} (36. Ne3 $17 {was the crucial defense.} Qxd4 37. Rxd4 exd4 38. Qe5) 36... Rxf6 $1 $19 37. Qxf6 Qd5 (37... exd4 38. Qh8+ Kf7 39. Qxh7+ Kf6 40. Qxb7 $11) 38. Qxe6+ Qxe6 ({Stronger than} 38... Kf8 39. Qxd5 Bxd5 40. Nb3 $15) 39. Nxe6 {[%emt 0:00:03][%mdl 4096] Endgame KRB-KRN} h6 {[%emt 0:01:01] Against Ng5} 40. f4 Ke7 41. f5 gxf5 42. Ng7 Be4 43. Rf1 Rf8 44. Rc1 $2 (44. g4 fxg4 45. Rxf8 Kxf8 46. Nh5) 44... Kf6 {[%emt 0:09:46] Black is clearly winning.} 45. Rc7 Bf3 46. Kf2 Bg4 47. Rxa7 Rg8 48. Nxf5 Kxf5 49. Rb7 Rg6 {[%emt 0:00:31] ...Ke4 is the strong threat.} 50. Ke3 Bh5 51. Rf7+ Ke6 52. Rb7 Kd5 {[%emt 0:00:27] Weighted Error Value: White=0.50/Black=0.29 (precise)} (52... Rxg3+ $142 53. Kf2 Rf3+ 54. Kg2 Kf5 55. Rxb6 Rd3 56. Rxh6 Bf7) 0-1